 Dungeon Crawl Stone Soup version 0.18-a0-1577-gf591c28 (webtiles) character file.

66094 dvd the Champion of Chaos (level 15, -2/129 HPs)
             Began as a Ghoul Monk on Mar 20, 2016.
             Was the Champion of Makhleb.
             Slain by a titanic slime creature (76 damage)
             ... on level 12 of the Dungeon.
             The game lasted 02:23:43 (23816 turns).

dvd the Champion of Chaos (Ghoul Monk)             Turns: 23816, Time: 02:23:44

Health: -2/129     AC: 25    Str: 21    XL:     15   Next: 18%
Magic:  25/25      EV: 13    Int: 11    God:    Makhleb [******]
Gold:   1888       SH:  0    Dex: 21    Spells: 0 memorised, 14 levels left

rFire  + + .     SeeInvis +       - Unarmed
rCold  + . .     Gourm    .     A - +1 plate armour {rC+}
rNeg   + + +     Faith    .     (no shield)
rPois  ∞         Spirit   .     W - +2 hat {rF+}
rElec  .         Dismiss  .     s - +2 cloak
rCorr  .         Reflect  .     C - +2 pair of gloves {Str+3}
SustAt .         Harm     .     d - +0 pair of boots
MR     +....                    M - amulet of regeneration
Stlth  ..........               V - ring of see invisible
                                L - ring "Qiliok" {Fire Int+6 Dex+6}

@: rotting, somewhat resistant to hostile enchantments, extremely unstealthy
A: rotting body, claws 1, carnivore 3, cold resistance 1, negative energy
resistance 3, slow regeneration 1, torment resistance, unbreathing
a: Minor Destruction, Lesser Servant of Makhleb, Major Destruction, Greater
Servant of Makhleb, Renounce Religion


You were on level 12 of the Dungeon.
You worshipped Makhleb.
Makhleb was exalted by your worship.
You were not hungry.

You visited 4 branches of the dungeon, and saw 22 of its levels.
You also visited: Labyrinth, Bailey and Volcano.

You collected 2000 gold pieces.
You spent 112 gold pieces at shops.

Inventory:

Hand Weapons
 t - the +9 falchion of the Thirteen Ships {slice, SInv}
   (You found it on level 7 of the Dungeon)

   It inflicts extra damage upon your enemies.
   It lets you see invisible.
Missiles
 J - 14 tomahawks of returning (quivered)
Armour
 d - a +0 pair of boots (worn)
 r - a +2 plate armour of fire resistance
 s - a +2 cloak (worn)
 w - a +3 chain mail of positive energy
 A - a +1 plate armour of cold resistance (worn)
 C - a +2 pair of gloves of strength (worn)
 D - a +2 scale mail of fire resistance
 H - the +0 chain mail of Greed {rF- Str+5 Dex+2}
   (You found it in a labyrinth)

   It affects your strength (+5).
   It affects your dexterity (+2).
   It makes you vulnerable to fire.
 R - a +0 cloak of invisibility
 S - a +2 helmet
 T - a +0 shield
 U - the +2 leather armour of Lasaw {rCorr Stlth+}
   (You found it on level 7 of the Lair of Beasts)

   It protects you from acid and corrosion.
   It makes you more stealthy.
 W - a +2 hat of fire resistance (worn)
 Z - the -3 cloak of Jixkof {rElec Str+4 Stlth-}
   (You found it on level 7 of the Lair of Beasts)

   It affects your strength (+4).
   It insulates you from electricity.
   It makes you less stealthy.
Rods
 l - a +5 lightning rod (14/14)
   (You found it in a labyrinth)
 p - a +1 rod of inaccuracy (10/10)
   (You found it in a labyrinth)
Jewellery
 v - the amulet "Xoinegh" {+Rage +Fly}
   (You found it in a labyrinth)

   [amulet of rage]

   It lets you fly.
   It lets you go berserk.
 F - the amulet of Suspicion {Dismiss rElec Str+4 Int-5 Dex-4}
   (You found it in a bailey)

   [amulet of dismissal]

   It may teleport away creatures that harm you.
   It affects your strength (+4).
   It affects your intelligence (-5).
   It affects your dexterity (-4).
   It insulates you from electricity.
 L - the ring "Qiliok" (left hand) {Fire Int+6 Dex+6}
   (You found it on level 8 of the Dungeon)

   [ring of fire]

   It enhances your fire magic, and weakens your ice magic.
   It affects your intelligence (+6).
   It affects your dexterity (+6).
   It protects you from fire.
   It makes you vulnerable to cold.
 M - an amulet of regeneration (around neck)
 V - a ring of see invisible (right hand)
Wands
 a - a wand of polymorph (12/24)
 k - a wand of slowing (31/48)
 u - a wand of lightning (6/15)
 y - a wand of flame (48/48)
 I - a wand of lightning (2/15)
 P - a wand of paralysis (15/24)
 X - a wand of digging (12/24)
 Y - a wand of acid (7/15)
Scrolls
 f - 5 scrolls of remove curse
 i - a scroll of fog
 m - 2 scrolls of enchant armour
 n - 4 scrolls of fear
 o - 11 scrolls of identify
 q - 3 scrolls of teleportation
 G - 5 scrolls of recharging
 K - a scroll of magic mapping
 O - 3 scrolls of blinking
 Q - 2 scrolls of enchant weapon
Potions
 c - 2 potions of might
 e - 5 potions of flight
 j - 10 potions of curing
 E - a potion of heal wounds
 N - a potion of resistance
Miscellaneous
 h - a lantern of shadows
Comestibles
 b - 9 meat rations
 g - 15 chunks of flesh
 x - 23 royal jellies
 z - 9 beef jerkies
 B - a slice of pizza


   Skills:
 + Level 11.1 Fighting
 + Level 9.1 Armour
 + Level 10.1 Dodging
 + Level 5.5 Stealth
 + Level 8.2 Shields
 + Level 12.0 Unarmed Combat
 + Level 15.0 Invocations
 + Level 0.1 Evocations


You had 14 spell levels left.
You didn't know any spells.

Dungeon Overview and Level Annotations

Branches:
Dungeon (12/15)            Temple (1/1) D:5            Lair (8/8) D:9
 Shoals (0/4) Lair:5        Snake (1/4) Lair:4        Slime (0/6) Lair:7
    Orc (0/2) D:10

Altars:
Ashenzari
Cheibriados
Dithmenos
Elyvilon
Fedhas
Gozag
Kikubaaqudgha
Makhleb
Nemelex Xobeh
Okawaru
Pakellas
Qazlal
Ru
Sif Muna
Trog
Vehumet
Xom
Yredelemnul
Zin
The Shining One
Beogh
Jiyva

Shops:
D:8 *

Annotations:
Lair:5 Rupert
Snake:1 namelastname112's ghost, adept DrWn


Innate Abilities, Weirdness & Mutations

Your body is rotting away.
You thrive on raw meat.
You are immune to poison.
You have sharp fingernails.
You are carnivorous and can eat meat at any time.
Your flesh is cold resistant.
You are immune to negative energy.
You regenerate slowly when monsters are visible.
You are immune to unholy pain and torment.
You can survive without breathing.


Message History

You feel somewhat more hungry.
The centaur wields a shortbow.
The centaur shoots a poisoned arrow.
The poisoned arrow barely misses you.
The centaur shoots an arrow.
The arrow misses you.
You punch the titanic slime creature!
Your punch misses the titanic slime creature.
The titanic slime creature is moderately wounded.
Unknown command.
You see here a giant club.
Press: ? - help, Shift-Dir - straight line, f/p - titanic slime creature
Aim: a titanic slime creature (moderately wounded, lightly drained)
You hear a mighty clap of thunder!
The bolt of lightning hits the titanic slime creature.
The titanic slime creature is moderately wounded.
The bolt of lightning hits the centaur.
The centaur is moderately wounded.
The bolt of lightning hits the centaur.
The centaur is heavily wounded.
You feel somewhat more hungry. The titanic slime creature hits you!!!!
Ouch! That really hurt!
You die...

..#...# #.........).#
#.#.#.#####...........#
....#.##..............#
#####.'..##...........#
#[....#####.).........#
##'#### #...........#
#.# #...........# ##.#
###.######### ...#
#...@Jc(# .### #######c#
'### #(# ...#
*****#######c#### ...#
*,,,,.......c(..# ...#
*,,,,.......)>..#
...#****,,,,........<..#
...',,,+,,,,...).......#
...#****,,,,...........#


You could see a titanic slime creature and 2 centaurs.

Vanquished Creatures
  A minotaur (Lab)
  A fire dragon (D:10)
  10 hydras
  2 catoblepae
  A centaur warrior (D:11)
  A deep troll shaman (Lair:8)
  4 death yaks
  A shock serpent (Snake:1)
  An unseen horror (D:10)
  Pikel (D:6)
  An orc knight (Bailey)
  A necromancer (Lair:6)
  3 hill giants
  2 ugly things
  A manticore (D:12)
  A griffon (Lair:8)
  22 elephants
  5 black mambas
  4 gargoyles (Lab)
  10 spiny frogs
  A kobold demonologist (D:12)
  5 komodo dragons
  3 rime drakes
  2 centaur skeletons
  2 trolls (D:9)
  A merfolk (Lair:5)
  A queen bee (Lair:5)
  The ghost of Wiebster667 the Archer, an amateur CeHu (D:3)
  2 polar bears (Lair:8)
  16 blink frogs
  A two-headed ogre (D:10)
  A boulder beetle (shapeshifter) (D:12)
  A slime creature (Lair:7)
  A shadow (D:11)
  37 yaks
  A redback (Lab)
  A vampire (D:11)
  2 wyverns
  6 hippogriffs
  A basilisk (Lair:8)
  2 fire elementals (Volcano)
  A mottled dragon (D:12)
  3 hungry ghosts
  A hell hound (Lair:4)
  14 water moccasins
  2 ice beasts
  8 porcupines
  2 sky beasts
  2 wasps
  3 black bears
  7 orc warriors
  5 ogres
  25 wolves
  12 centaurs
  12 crocodiles
  A big kobold (D:12)
  12 giant frogs
  2 scorpions
  13 killer bees
  A spriggan skeleton (Lab)
  3 electric eels
  A troll skeleton (Lab)
  6 crimson imps
  5 giant frog zombies
  A quasit (D:10)
  6 jellies
  Crazy Yiuf (D:2)
  A giant frog skeleton (D:6)
  8 orc priests
  14 hounds
  6 orc wizards
  Jessica (D:2)
  8 iguanas
  3 polar bear simulacra (Lair:6)
  11 worker ants
  A yak simulacrum (Lair:6)
  3 killer bee zombies
  13 sheep
  4 wolf simulacra (Lair:6)
  A hound skeleton (D:6)
  A howler monkey zombie (D:5)
  3 gnolls (D:5)
  11 adders
  34 river rats
  3 shadow imps
  An ooze (D:4)
  An adder zombie (D:8)
  3 worms
  2 dart slugs
  6 giant geckos
  44 orcs
  6 bats
  8 giant cockroaches
  12 goblins
  12 hobgoblins
  11 jackals
  24 kobolds
  5 quokkas
  6 giant newts
  A jackal zombie (D:6)
  11 rats
  2 river rat simulacra (Lair:6)
  A fungus (Lair:8)
592 creatures vanquished.

Vanquished Creatures (collateral kills)
  A hydra (Lair:6)
  Nergalle (Lair:1)
  A hill giant (D:10)
  A griffon (Lair:5)
  6 elephants
  Psyche (D:9)
  Joseph (D:8)
  2 spiny frogs
  A komodo dragon (Lair:5)
  A polar bear (Lair:8)
  7 blink frogs
  10 yaks
  Grum (D:8)
  A basilisk (Lair:8)
  A hungry ghost (D:12)
  A hippogriff (Lair:8)
  A hell hound (Lair:3)
  3 porcupines
  A soldier ant (D:10)
  2 black bears
  5 orc warriors
  A sky beast (D:10)
  2 phantoms
  5 wolves
  5 centaurs
  4 crocodiles
  4 giant frogs
  A wyvern skeleton (D:8)
  17 killer bees
  2 electric eels
  A quasit (D:8)
  A giant frog zombie (D:10)
  3 orc priests (D:10)
  6 hounds
  A jelly (D:8)
  2 iguanas
  A worker ant (D:8)
  A hound skeleton (D:8)
  6 river rats
  A shadow imp (D:9)
  20 orcs
  A jackal (D:9)
  A butterfly (Lair:7)
  A fungus (Lair:5)
136 creatures vanquished.

Vanquished Creatures (others)
  2 slaves (D:6)
  A giant frog (Lair:4)
  A river rat simulacrum (Lair:6)
  30 fungi
  19 plants
53 creatures vanquished.

Grand Total: 781 creatures vanquished

Notes
Turn   | Place    | Note
--------------------------------------------------------------
     0 | D:1      | dvd the Ghoul Monk began the quest for the Orb.
     0 | D:1      | Reached XP level 1. HP: 19/19 MP: 0/0
   190 | D:1      | Reached XP level 2. HP: 17/26 MP: 1/1
   585 | D:1      | Reached XP level 3. HP: 28/32 MP: 2/2
   896 | D:2      | Noticed Jessica
   901 | D:2      | Killed Jessica
   901 | D:2      | Reached XP level 4. HP: 40/40 MP: 3/3
  1259 | D:2      | Found a deep blue altar of Sif Muna.
  1660 | D:2      | Noticed Crazy Yiuf
  1667 | D:2      | Killed Crazy Yiuf
  1667 | D:2      | Reached skill level 1 in Armour
  1727 | D:2      | Reached XP level 5. HP: 38/47 MP: 4/4
  1799 | D:3      | Noticed Wiebster667's ghost (amateur CeHu)
  2038 | D:3      | Reached skill level 5 in Unarmed Combat
  2801 | D:3      | Killed Wiebster667's ghost
  2801 | D:3      | Reached skill level 5 in Fighting
  2801 | D:3      | Reached XP level 6. HP: 10/56 MP: 5/5
  3307 | D:4      | Found a burning altar of Makhleb.
  3315 | D:4      | Reached XP level 7. HP: 56/61 MP: 6/6
  3324 | D:4      | Became a worshipper of Makhleb the Destroyer
  3324 | D:4      | Reached * piety under Makhleb
  3324 | D:4      | Reached ** piety under Makhleb
  3655 | D:4      | Learned a level 3 spell: Regeneration
  3698 | D:4      | Found an ancient bone altar of Kikubaaqudgha.
  3767 | D:4      | Reached skill level 1 in Invocations
  4167 | D:5      | Entered Level 5 of the Dungeon
  4178 | D:5      | Reached skill level 2 in Invocations
  4382 | D:5      | Found a staircase to the Ecumenical Temple.
  4391 | Temple   | Entered the Ecumenical Temple
  4946 | D:5      | Reached skill level 3 in Invocations
  4946 | D:5      | Reached XP level 8. HP: 65/68 MP: 9/9
  5302 | D:5      | Reached skill level 4 in Invocations
  5896 | D:5      | Reached *** piety under Makhleb
  5984 | D:6      | Found a shimmering altar of Xom.
  6031 | D:6      | Reached skill level 5 in Dodging
  6131 | D:6      | Noticed Pikel
  6157 | D:6      | Killed Pikel
  6157 | D:6      | Reached skill level 1 in Shields
  6157 | D:6      | Reached skill level 6 in Invocations
  6157 | D:6      | Reached XP level 9. HP: 52/77 MP: 10/12
  6723 | D:7      | Found a basalt altar of Yredelemnul.
  6921 | D:7      | Got a fine falchion
  7056 | D:7      | Identified the +9 falchion of the Thirteen Ships {slice, SInv} (You found it on level 7 of the Dungeon)
  7103 | D:7      | Found a flagged portal.
  7137 | Bailey   | Entered a bailey
  7159 | Bailey   | Reached **** piety under Makhleb
  7179 | Bailey   | Reached skill level 7 in Invocations
  7203 | Bailey   | Got a steaming tin amulet
  7205 | Bailey   | Lost intelligence.
  7205 | Bailey   | Identified the amulet of Suspicion {Dismiss rElec Str+4 Int-5 Dex-4} (You found it in a bailey)
  7234 | Bailey   | Noticed an orc knight
  7246 | Bailey   | Killed an orc knight
  7246 | Bailey   | Reached skill level 5 in Armour
  7253 | Bailey   | Reached skill level 8 in Invocations
  7291 | Bailey   | Found a bloodstained altar of Trog.
  7558 | D:7      | You fall through a shaft for 3 floors!
  7558 | D:10     | Entered Level 10 of the Dungeon
  7586 | D:9      | Reached XP level 10. HP: 82/84 MP: 15/15
  7626 | D:9      | Reached skill level 9 in Invocations
  7669 | D:9      | Found a staircase to the Lair.
  7710 | D:9      | Noticed Psyche
  7718 | D:9      | Killed Psyche
  7925 | D:9      | Found an opulent altar of Gozag.
  7925 | D:9      | Found an iron altar of Okawaru.
  7927 | D:9      | Found a shattered altar of Ashenzari.
  8116 | D:8      | Noticed Joseph
  8123 | D:8      | Noticed Grum
  8125 | D:8      | Killed Joseph
  8128 | D:8      | Killed Grum
  8225 | D:8      | Reached ***** piety under Makhleb
  8381 | D:8      | Found Niuphad's General Store.
  8407 | D:8      | Bought a scroll of blinking for 112 gold pieces
  8931 | D:8      | Got a bound tin ring
  8932 | D:8      | Identified the ring "Qiliok" {Fire Int+6 Dex+6} (You found it on level 8 of the Dungeon)
  9463 | D:10     | Reached skill level 10 in Invocations
  9468 | D:10     | Found a roughly hewn altar of Beogh.
  9476 | D:10     | Found a staircase to the Orcish Mines.
  9518 | D:10     | Reached XP level 11. HP: 70/92 MP: 17/17
  9519 | D:10     | Noticed a hill giant
  9626 | D:10     | Killed a hill giant
 10113 | D:10     | Noticed a fire dragon
 10136 | D:10     | Killed a fire dragon
 10174 | D:10     | Identified the Tome of Attacks
 10348 | D:10     | Killed an unseen horror
 10348 | D:10     | Reached skill level 11 in Invocations
 10586 | Lair:1   | Entered Level 1 of the Lair of Beasts
 10686 | Lair:1   | Noticed Nergalle
 10698 | Lair:1   | Killed Nergalle
 12300 | Lair:2   | Reached skill level 12 in Invocations
 12300 | Lair:2   | Reached XP level 12. HP: 95/103 MP: 18/20
 13918 | Lair:4   | Noticed a catoblepas
 13936 | Lair:4   | Killed a catoblepas
 13988 | Lair:4   | Found a dark tunnel.
 13994 | Volcano  | Entered a volcano
 14496 | Lair:4   | Found a staircase to the Snake Pit.
 15594 | Lair:5   | Reached skill level 10 in Unarmed Combat
 15601 | Lair:5   | Noticed a four-headed hydra
 15753 | Lair:5   | Reached skill level 13 in Invocations
 15777 | Lair:5   | Found a staircase to the Shoals.
 15861 | Lair:5   | Reached XP level 13. HP: 111/111 MP: 21/21
 16381 | Lair:6   | Noticed Rupert
 16713 | Lair:6   | Identified 2 scrolls of acquirement
 17663 | Lair:7   | Got a fine leather armour
 17673 | Lair:7   | Reached skill level 5 in Shields
 17713 | Lair:7   | Identified the +2 leather armour of Lasaw {rCorr Stlth+} (You found it on level 7 of the Lair of Beasts)
 17884 | Lair:6   | Reached skill level 5 in Stealth
 17992 | Lair:7   | Found a runed door.
 17992 | Lair:7   | Found a viscous altar of Jiyva.
 17992 | Lair:7   | Found a staircase to the Slime Pits.
 18112 | Lair:7   | Got a bloodstained cloak
 18123 | Lair:7   | Identified the cursed -3 cloak of Jixkof {rElec Str+4 Stlth-} (You found it on level 7 of the Lair of Beasts)
 18235 | Lair:7   | Reached skill level 14 in Invocations
 18448 | Lair:7   | Reached skill level 10 in Fighting
 18841 | Snake:1  | Entered Level 1 of the Snake Pit
 19008 | Snake:1  | Noticed namelastname112's ghost (adept DrWn)
 19098 | Lair:4   | Reached XP level 14. HP: 70/121 MP: 23/23
 19413 | Lair:8   | Entered Level 8 of the Lair of Beasts
 21496 | Lair:3   | Reached skill level 10 in Dodging
 21697 | D:11     | Reached ****** piety under Makhleb
 22103 | D:11     | Found a roughly hewn altar of Beogh.
 22514 | D:12     | Reached XP level 15. HP: 128/128 MP: 25/25
 22697 | D:12     | Found a labyrinth entrance.
 22730 | Lab      | Entered a labyrinth
 22924 | Lab      | Found an exit through the horrors of the Abyss.
 22973 | Lab      | Reached skill level 15 in Invocations
 23335 | Lab      | Got a shimmering amethyst amulet
 23359 | Lab      | Got a spiked chain mail
 23390 | Lab      | Identified the +0 chain mail of Greed {rF- Str+5 Dex+2} (You found it in a labyrinth)
 23408 | Lab      | Got a pitted glaive
 23409 | Lab      | Identified the cursed +3 glaive of the Silent Majority {freeze, Dex+2} (You found it in a labyrinth)
 23420 | D:12     | Identified the amulet "Xoinegh" {+Rage +Fly} (You found it in a labyrinth)
 23551 | D:12     | Identified a +1 rod of inaccuracy (10/10) (You found it in a labyrinth)
 23816 | D:12     | Slain by a titanic slime creature

Vault maps used:
D:1:      dpeg_arrival_three_same_balls
D:2:      minmay_door_path, led_sif_pool, uniq_jessica, uniq_crazy_yiuf_cottage
D:3:      gup_sewer_entry_bubbles, minmay_misc_feat_cross
D:4:      lemuel_doored_altar, makhleb_heckhound_becter
D:5:      minmay_temple_entry_junction, first_bread, grunt_ministairs_4,
          minmay_misc_feat_four_crosses
D:6:      kennysheep_mini_moat, uniq_pikel
D:7:      lemuel_crystal_altar, enter_bailey_2
D:8:      serial_shops, shop, uniq_grum, uniq_joseph
D:9:      gammafunk_temple_overflow_claw, erik_lair_island, serial_park_tiny_1,
          uniq_psyche
D:10:     dragon1_lemuel, david_orc_5, hangedman_pestilent_swarm
D:12:     lab_entry_generic
Temple:   circular_temple_12
Lair:1:   uniq_nergalle
Lair:2:   grunt_megastairs_3
Lair:4:   dummy_snake_entry, enter_volcano_3, lemuel_fruit_tree,
          grunt_megastairs_2, lemuel_fruit_fields
Lair:5:   minmay_shoals_entry_centaurs, special_room
Lair:6:   minivault_11, eino_house_with_fridge, infiniplex_staircase_pool,
          uniq_rupert
Lair:7:   slime_altar_2, minmay_hedge_maze, grunt_megastairs_5,
          lemuel_fruit_fields
Lair:8:   grunt_lair_end_beastmaster
Snake:1:  nrook_guardian_serpent_ordinary, serial_bayou_shore_a,
          serial_bayou_shore_b, uniq_josephine
Lab:      labyrinth_hidden_loot, nicolae_lab_blocks, nicolae_lab_flowing_pool
Bailey:   bailey_axe_3, bailey
Volcano:  volcano_overflow

Skill      XL: |  1  2  3  4  5  6  7  8  9 10 11 12 13 14 15 |
---------------+----------------------------------------------+-----
Dodging        | 3 4 5 6 7 8 9 10 | 10.1
Fighting       | 4 5 6 7 8 9 10 11 | 11.1
Armour         | 1 2 3 4 5 6 7 8 9 |  9.1
Unarmed Combat | 5 6 7 8 10 11 12 | 12.0
Stealth        | 3 4 5 |  5.5
Invocations    | 3 6 8 10 12 13 14 15 | 15.0
Shields        | 1 2 3 4 5 7 8 |  8.2
Evocations     | |  0.1

Action                   |  1- 3 |  4- 6 |  7- 9 | 10-12 | 13-15 || total
-------------------------+-------+-------+-------+-------+-------++-------
Melee: Unarmed           |    91 |   205 |   312 |   926 |  1484 ||  3018
Invok: Minor Destruction |       |       |   141 |   180 |   233 ||   554
       Lesser Servant of |       |       |     1 |    29 |    36 ||    66
       Major Destruction |       |       |       |    10 |    14 ||    24
Evoke: Wand              |       |     1 |       |       |     1 ||     2
  Use: Scroll            |       |       |    14 |     7 |    11 ||    32
       Potion            |       |       |    10 |     8 |     5 ||    23
 Stab: Sleeping          |     3 |     2 |     1 |       |     5 ||    11
       Distracted        |       |       |       |    11 |    13 ||    24
       Invisible         |       |       |       |       |     1 ||     1
  Eat: Chunk             |    11 |    17 |    37 |   108 |   125 ||   298
